 Dungeon Crawl Stone Soup version 0.27.0-1-g7a089689b8 (webtiles) character file.

Game seed: 10984488537589389381

171 sanka the Ducker (level 5, -2/35 HPs)
             Began as a Merfolk Necromancer on Aug 7, 2021.
             Was a Believer of Fedhas.
             Killed from afar by Sigmund (10 damage)
             ... with a puff of flame
             ... on level 3 of the Dungeon.
             The game lasted 00:06:40 (4895 turns).

sanka the Ducker (Merfolk Necromancer)              Turns: 4895, Time: 00:06:40

Health: -2/35      AC:  2    Str:  9    XL:     5   Next: 51%
Magic:  3/8        EV: 15    Int: 14    God:    Fedhas [**....]
Gold:   105        SH:  5    Dex: 15    Spells: 7/8 levels left

rFire    . . .     SeeInvis .   p - +0 spear
rCold    . . .     Faith    .   (no shield)
rNeg     . . .     Spirit   .   a - +0 robe
rPois    .         Reflect  +   (no helmet)
rElec    .         Harm     .   (no cloak)
rCorr    .         Rampage  .   (no gloves)
Will     .....                  (no boots)
Stlth    ++........             c - amulet of reflection
HPRegen  0.11/turn              (no ring)
MPRegen  0.11/turn              (no ring)

@: no status effects
A: (nimble swimmer 2), mertail
a: Renounce Religion, Wall of Briars


You were on level 3 of the Dungeon.
You worshipped Fedhas.
Fedhas was pleased with you.
You visited 1 branch of the dungeon, and saw 4 of its levels.

You collected 105 gold pieces.


Innate Abilities, Weirdness & Mutations

((You are quick and stealthy near water. (Stealth+, EV+, Speed+++)))
Your lower body shifts to a powerful aquatic tail in water.


   Skills:
 + Level 0.0 Polearms
 - Level 7.3 Dodging
 - Level 2.1 Stealth
 - Level 2.0 Spellcasting
 - Level 3.2 Necromancy


You had 7 spell levels left.
You knew the following spells:

 Your Spells              Type           Power      Damage    Failure   Level
z - Pain                  Necr           40%        1d6       6%          1

Your spell library contained the following spells:

 Spells                   Type           Power      Damage    Failure   Level
 Animate Skeleton         Necr           20%        N/A       6%          1
 Sublimation of Blood     Necr           5%         N/A       10%         2
 Vampiric Draining        Necr           5%         2d6       19%         3
 Magic Dart               Conj           4%         1d3       24%         1
 Sandblast                Erth           2%         2d4       24%         1
 Summon Small Mammal      Summ           4%         N/A       24%         1
 Passwall                 Tmut/Erth      0%         N/A       34%         2
 Animate Dead             Necr           5%         N/A       52%         4
 Conjure Flame            Conj/Fire      1%         6-21      56%         3
 Ignite Poison            Fire/Tmut/Pois 1%         N/A       56%         3
 Agony                    Necr           10%        N/A       86%         5
 Petrify                  Tmut/Erth      1%         N/A       93%         4
 Sticky Flame             Conj/Fire      1%         2d3       93%         4
 Borgnjor's Vile Clutch   Necr/Erth      2%         N/A       98%         5
 Alistair's Intoxication  Tmut/Pois      0%         N/A       100%        5
 Irradiate                Conj/Tmut      0%         3d13      100%        5
 Lee's Rapid Deconstruct  Erth           0%         3d5*      100%        5
 Eringya's Noxious Bog    Tmut/Pois      0%         N/A       100%        6

Inventory:

Hand Weapons
 p - a +0 spear (weapon)
Armour
 a - a +0 robe (worn)
Magical Staves
 g - a staff of air
 k - a staff of fire
Jewellery
 c - an amulet of reflection (around neck)
Wands
 o - a wand of flame (18)
Scrolls
 b - 7 scrolls of identify {unknown}
 i - a scroll of amnesia {unknown}
 j - 2 scrolls of vulnerability {unknown}
 n - a scroll of noise {unknown}
Potions
 d - 2 potions of attraction {unknown}
 e - a potion of ambrosia {unknown}
 f - a potion of invisibility {unknown}
 h - a potion of resistance {unknown}
 l - a potion of curing {unknown}
 m - 3 potions of flight {unknown}

Dungeon Overview and Level Annotations

Branches:
Dungeon (4/15)
 Temple: D:4-7

Altars:
Elyvilon
Fedhas
Uskayaw
Vehumet

Shops:
D:2 !   D:3 [

Annotations:
D:3 Sigmund

▒▒▒▒▒▒..▒▒.▒▒.▒....▒ ... ▒£..▒
........▒▒..▒.▒....▒ ▒£▒ ...▒
▒▒▒▒▒▒▒.▒▒▒.▒.▒....▒▒▒.▒▒▒...▒
........▒ ▒...▒......{.......▒
▒▒▒▒▒▒..▒ ▒▒..▒..............▒
▒ ▒..▒ ▒.>▒..........▒▒▒.▒ ▒
▒..▒ ▒▒▒▒.........!▒ ▒.▒ ▒
▒..▒▒▒▒▒▒▒..........▒▒▒.▒▒▒▒ ▒
▒..........m........'.....)) ▒
▒.▒▒▒▒▒▒▒▒..........▒▒▒▒▒▒▒▒
▒.▒ ▒..........▒ ▒ ▒.▒
▒▒▒▒▒▒▒▒▒▒▒▒ ▒ ▒.▒ ▒▒▒▒▒▒ ▒▒▒▒
▒ ▒.▒ ▒....▒ ▒▒..▒▒ ▒ ▒.▒
▒.▒▒.▒▒▒8..8▒▒ ▒ ▒.▒
▒g▒▒.▒▒..)...▒▒▒▒▒▒▒ ▒.▒
▒.▒▒.....>..........


There were no monsters in sight!


Message History

You miscast Pain.
You are very lightly contaminated with residual magic.
Nothing appears to happen.
The bat misses you. Sigmund casts a spell at you. The magic dart hits you.
Sigmund writhes in agony.
The bat misses you.
Sigmund hits you from afar with a +0 scythe!
The bat writhes in agony.
You kill the bat!
Fedhas appreciates your contribution to the ecosystem.
Sigmund barely misses you.
Sigmund writhes in agony.
Sigmund casts a spell at you. The magic dart hits you!
* * * LOW HITPOINT WARNING * * *
Sigmund writhes in agony.
Sigmund gestures wildly while chanting.
Sigmund flickers and vanishes!
Deactivating autopickup; reactivate with Ctrl-A.
You can't see any susceptible monsters within range! (Use Z to cast anyway.)
Your magical contamination has completely faded away.
A magic dart appears from out of thin air!
The magic dart hits you.
* * * LOW HITPOINT WARNING * * *
A puff of flame appears from out of thin air!
The puff of flame hits you!
You die...
Fedhas appreciates your contribution to the ecosystem.

Action                   |  1- 3 |  4- 6 || total
-------------------------+-------+-------++-------
Melee: Unarmed           |    20 |    39 ||    59
       Tailslap          |     1 |       ||     1
 Cast: Pain              |    81 |    60 ||   141
Armor: Robe              |     7 |     5 ||    12
Dodge: Dodged            |    29 |    39 ||    68
Block: Other             |     3 |    17 ||    20
       Reflection        |     1 |       ||     1

Levels and vault maps discovered:
D:1:      dpeg_arrival_subterranean_lakeside_camping, layout_loops_ring
D:2:      kennysheep_big_flooded_room, layout_loops_ring, serial_shops, shop,
          basic_ecumenical_altar, basic_altar, grunt_ministairs_4,
          hangedman_feature_mirror, minmay_pentomino_z4
D:3:      layout_basic, nicolae_overflow_crystal_walls, vehumet_altar_wand_db,
          serial_shops, nicolae_shop_temple_entry_statues_fountains,
          hangedman_feature_mirror, chequers_mini_garden, minmay_fountain_box,
          st_stairs_6, uniq_sigmund, uniq_jessica
D:4:      wander_river, layout_loops_ring, elyvilon_altar_1,
          nicolae_ossuary_entry_ruins, serial_shops, nicolae_diamond_shop,
          uniq_grinder, uniq_blork_the_orc

Notes
Turn   | Place    | Note
-------+----------+-------------------------------------------
     0 | D:1      | sanka the Merfolk Necromancer began the quest for the Orb.
     0 | D:1      | Reached XP level 1. HP: 13/13 MP: 3/3
    61 | D:1      | Reached skill level 3 in Dodging
   351 | D:1      | Reached XP level 2. HP: 18/19 MP: 3/5
   601 | D:1      | Reached skill level 4 in Dodging
  1068 | D:1      | Reached XP level 3. HP: 17/24 MP: 1/6
  1704 | D:1      | Got Qolilut's Beginning Course on Witchcraft
  1980 | D:2      | Reached skill level 5 in Dodging
  2225 | D:2      | Found a faded altar of an unknown god.
  2488 | D:2      | Found a white marble altar of Elyvilon.
  2536 | D:2      | Became a worshipper of Fedhas Madash
  2536 | D:2      | Reached * piety under Fedhas
  2717 | D:2      | Found Vask's Distillery.
  2863 | D:2      | Reached XP level 4. HP: 27/30 MP: 3/7
  3286 | D:3      | Found Haown's Antique Armour Boutique.
  3288 | D:3      | Noticed Jessica
  3295 | D:3      | Killed Jessica
  3296 | D:3      | Reached skill level 6 in Dodging
  3543 | D:3      | Found a radiant altar of Vehumet.
  3747 | D:3      | Found a hide-covered altar of Uskayaw.
  3747 | D:3      | Noticed Sigmund
  3797 | D:3      | Reached XP level 5. HP: 27/35 MP: 2/8
  3809 | D:3      | Reached ** piety under Fedhas
  4358 | D:4      | Reached skill level 7 in Dodging
  4895 | D:3      | Killed from afar by Sigmund

Vanquished Creatures
  Jessica (D:3)
  A hound skeleton (D:4)
  3 gnolls (D:3)
  4 adders
  A dart slug (D:1)
  An endoplasm (D:1)
  6 giant cockroaches
  8 goblins
  5 hobgoblins
  9 jackals
  4 kobolds
  2 quokkas (D:1)
  4 ball pythons
  8 bats
  A frilled lizard (D:2)
  5 rats
63 creatures vanquished.
